 Dungeon Crawl Stone Soup version 0.16.2-12-gd0ad4c3 (webtiles) character file.

162 Charly the Chopper (level 5, -9/42 HPs)
             Began as a Minotaur Wanderer on July 23, 2016.
             Was an Initiate of Makhleb.
             Mangled by an ogre
             ... wielding a +0 giant club
              (23 damage)
             ... on level 4 of the Dungeon.
             The game lasted 00:13:09 (1078 turns).

Charly the Chopper (Minotaur Wanderer)              Turns: 1078, Time: 00:13:09

Health: -9/42      AC:  6    Str: 14    XL:     5   Next: 19%
Magic:  4/4        EV: 10    Int: 10    God:    Makhleb [......]
Gold:   30         SH:  0    Dex: 12    Spells: 1 memorised, 5 levels left

rFire  . . .     SeeInvis .     b - +0 hand axe
rCold  . . .     Clarity  .     c - +0 ring mail
rNeg   . . .     SustAb   .     (no shield)
rPois  .         Gourm    .     (helmet restricted)
rElec  .         Spirit   .     (no cloak)
rCorr  .         Warding  .     q - +0 pair of gloves
rMut   .         Stasis   .     (no boots)
MR     .....                    (no amulet)
Stlth  +.........               (no ring)
                                (no ring)

@: not resistant to hostile enchantments, very unstealthy
A: retaliatory headbutt, horns 2
a: Renounce Religion


You were on level 4 of the Dungeon.
You worshipped Makhleb.
Makhleb was noncommittal.
You were not hungry.

You visited 1 branch of the dungeon, and saw 5 of its levels.

You collected 52 gold pieces.
You spent 22 gold pieces at shops.

Inventory:

Hand weapons
 b - a +0 hand axe (weapon)
 l - a +2 short sword of flaming
Armour
 c - a +0 ring mail (worn)
 q - a +0 pair of gloves (worn)
Scrolls
 k - a scroll of magic mapping {unknown}
 m - a scroll of noise {unknown}
 t - a scroll of fog {unknown}
Potions
 e - a potion of cancellation {unknown}
 f - a potion of curing {unknown}
 g - a potion of cure mutation {unknown}
 h - a potion of haste {unknown}
 i - a potion of restore abilities {unknown}
 j - a potion of lignification {unknown}
 n - a potion of mutation {unknown}
 o - a potion of degeneration {unknown}
 p - a potion of brilliance {unknown}
Books
 a - a book of Conjurations

   Spells                             Type                      Level
   a - Magic Dart                     Conjuration                  1
   b - Searing Ray                    Conjuration                  2
   c - Dazzling Spray                 Conjuration/Hexes            3
   d - Fulminant Prism                Conjuration/Hexes            4
   e - Iskenderun's Mystic Blast      Conjuration                  4
   f - Iskenderun's Battlesphere      Conjuration/Charms           5
Comestibles
 d - 2 bread rations
 r - a royal jelly
 s - a meat ration


   Skills:
 - Level 2.4 Fighting
 + Level 5.9 Axes
 - Level 1.2 Armour
 - Level 1.0 Stealth
 - Level 1.3 Spellcasting
 - Level 2.1 Conjurations
   Level 1.0 Evocations


You had 5 spell levels left.
You knew the following spells:

 Your Spells              Type           Power        Failure   Level  Hunger
d - Magic Dart            Conj           #...         28%         1    ##.....


Dungeon Overview and Level Annotations

Branches:
Dungeon (5/15)
 Temple: D:4-7

Altars:
Dithmenos
Elyvilon
Makhleb
Xom
Yredelemnul
The Shining One

Shops:
D:4 :?

Annotations:
D:3 Sigmund
D:4 Eustachio


Innate Abilities, Weirdness & Mutations

You reflexively headbutt those who attack you in melee.
You have a pair of horns on your head.


Message History

You closely miss the goblin. You hit the ogre but do no damage.
The ogre is moderately wounded.
The goblin barely misses you. You furiously retaliate!
You headbutt the goblin!
You kill the goblin!
Makhleb accepts your kill.
Unknown command.
Things that are here:
a club; a goblin corpse
Found a stone staircase leading up.
Found a stone staircase leading down.
An adder skeleton comes into view.
You hit the ogre.
The ogre is moderately wounded.
The ogre hits you with a giant club!
You hit the ogre.
The ogre is heavily wounded.
You hit the adder skeleton. The adder skeleton bites you.
The ogre hits you with a giant club!!
Ouch! That really hurt!
You die...

... ... ....... ...
..... #$# ..... #.#
#>..# #.###### #...#
##......Z <..
#....Z### #Z# #Z##.##
#@# #.##.# #O#
####.##.# #.#
#.)..##.# #.#
#Z#####.# #.#
#.#####.#### ###.#
#.#........# #...#
#.#.# #.##.#
##.#######.#.# #..#.#
#........Z...####..∩.


You could see an ogre and an adder skeleton.

Vanquished Creatures
  A crimson imp (D:4)
  A hound (D:5)
  A giant frog zombie (D:5)
  4 adders
  A giant mite (D:3)
  An orc (D:4)
  4 bats
  3 goblins
  3 hobgoblins
  2 giant cockroaches
  A giant gecko (D:3)
  A giant gecko skeleton (D:3)
  A jackal skeleton (D:4)
  3 kobolds
  A quokka (D:3)
  3 rats
31 creatures vanquished.

Notes
Turn   | Place    | Note
--------------------------------------------------------------
     0 | D:1      | Charly, the Minotaur Wanderer, began the quest for the Orb.
     0 | D:1      | Charly set off with: a book of Conjurations, a +0 hand axe, a +0 ring mail, a bread ration
     0 | D:1      | Reached XP level 1. HP: 18/18 MP: 2/2
    38 | D:2      | Reached XP level 2. HP: 25/25 MP: 2/2
    41 | D:2      | Learned a level 1 spell: Magic Dart
    88 | D:2      | Found a glowing golden altar of the Shining One.
   189 | D:3      | Noticed Sigmund
   303 | D:3      | Reached skill level 3 in Axes
   310 | D:3      | Found a shimmering altar of Xom.
   310 | D:3      | Found a shadowy altar of Dithmenos.
   393 | D:3      | Reached XP level 3. HP: 16/30 MP: 3/3
   411 | D:2      | Found a basalt altar of Yredelemnul.
   411 | D:2      | Found a white marble altar of Elyvilon.
   480 | D:4      | Found Saasouw's Book Emporium.
   488 | D:4      | Noticed Eustachio
   624 | D:4      | Reached skill level 4 in Axes
   642 | D:4      | Found a burning altar of Makhleb.
   670 | D:4      | Became a worshipper of Makhleb the Destroyer
   685 | D:4      | Reached XP level 4. HP: 35/37 MP: 2/4
   740 | D:4      | Found Awoika Conk's Magic Scroll Shoppe.
   763 | D:4      | Bought a scroll of identify for 22 gold pieces
   768 | D:5      | Entered Level 5 of the Dungeon
   793 | D:5      | Reached skill level 5 in Axes
   808 | D:5      | Reached XP level 5. HP: 34/42 MP: 4/4
   829 | D:5      | Noticed an ice beast
  1035 | D:4      | Noticed an ogre
  1078 | D:4      | Mangled by an ogre

Action                   |  1- 3 |  4- 6 || total
-------------------------+-------+-------++-------
Melee: Hand axe          |    67 |    44 ||   111
       Short sword       |     4 |       ||     4
 Cast: Magic Dart        |     7 |     1 ||     8
  Use: Scroll            |       |     1 ||     1
       Potion            |       |     1 ||     1
  Eat: Pizza             |       |     1 ||     1
